 Dungeon Crawl Stone Soup version 0.28-a0-199-g298df9dbad (webtiles) character file.

Game seed: 8848485216376652941

54919 bjtr the Destroyer (level 14, -2/118 HPs)
             Began as a Demigod Conjurer on Aug 18, 2021.
             Shot with an arrow by a centaur warrior (3 damage)
             ... on level 13 of the Dungeon on Aug 20, 2021.
             The game lasted 02:32:44 (18282 turns).

bjtr the Destroyer (Demigod Conjurer)              Turns: 18282, Time: 02:32:45

Health: -2/118     AC: 12    Str: 17    XL:     14   Next: 3%
Magic:  31/32      EV: 14    Int: 36    God:
Gold:   794        SH: 10    Dex: 12    Spells: 17/32 levels left

rFire   . . .      SeeInvis +   a - +2 scimitar (flame)
rCold   . . .      Faith    .   B - +0 buckler
rNeg    . . .      Spirit   .   F - +0 troll leather armour
rPois   .          Reflect  +   o - +0 helmet
rElec   .          Harm     .   t - +2 cloak {Will+}
rCorr   .          Rampage  .   y - +0 pair of gloves {Str+3}
Will    ++...                   d - +0 pair of boots
Stlth   ++........              c - amulet of reflection
HPRegen 1.29/turn               m - +6 ring of strength
MPRegen 0.23/turn               g - ring of see invisible

@: hasted, very quick
A: high mp 1, forlorn
a: no special abilities


You were on level 13 of the Dungeon.
You visited 2 branches of the dungeon, and saw 14 of its levels.
You also visited: Sewer and Ossuary.

You collected 1154 gold pieces.
You spent 360 gold pieces at shops.

Inventory:

Hand Weapons
 a - a +2 scimitar of flaming (weapon)
 b - a +2 hand crossbow of flaming
 f - a +8 dire flail
Missiles
 k - 4 datura-tipped darts (quivered)
 v - 50 bolts
 E - 6 boomerangs of dispersal
 H - 2 throwing nets
Armour
 d - a +0 pair of boots (worn)
 o - a +0 helmet (worn)
 t - a +2 cloak of willpower (worn)
 y - a +0 pair of gloves of strength (worn)
 B - a +0 buckler (worn)
 F - a +0 troll leather armour (worn)
Jewellery
 c - an amulet of reflection (around neck)
 g - a ring of see invisible (right hand)
 i - a ring of resist corrosion
 j - a ring of fire
 m - a +6 ring of strength (left hand)
 s - a ring of protection from fire
 Y - a ring of wizardry
Wands
 e - a wand of flame (10)
 l - a wand of polymorph (9)
 p - a wand of digging (3)
 q - a wand of paralysis (5)
 u - a wand of charming (9)
 I - a wand of acid (10)
 Z - a wand of iceblast (6)
Scrolls
 h - a scroll of fog
 w - a scroll of summoning
 C - 6 scrolls of magic mapping
 D - a scroll of amnesia
 G - a scroll of teleportation
 L - a scroll of silence
 R - 2 scrolls of fear
Potions
 x - 4 potions of cancellation
 z - 4 potions of brilliance
 A - 5 potions of magic
 K - 4 potions of curing
 M - 6 potions of might
 N - a potion of attraction
 P - a potion of lignification {unknown}
 S - a potion of resistance
Miscellaneous
 n - a lightning rod (4/4)


   Skills:
 * Level 9.2 Fighting
 + Level 7.4 Armour
 + Level 7.8 Dodging
 - Level 4.2 Stealth
 - Level 4.5 Shields
 + Level 9.9 Spellcasting
 + Level 10.6 Conjurations
 + Level 3.3 Hexes
 + Level 1.7 Summonings
 - Level 3.6 Translocations
 + Level 2.0 Fire Magic
 + Level 2.8 Ice Magic
 * Level 1.9 Air Magic
 + Level 1.2 Evocations


You had 17 spell levels left.
You knew the following spells:

 Your Spells              Type           Power      Damage    Failure   Level
a - Magic Dart            Conj           100%       1d8       1%          1
b - Searing Ray           Conj           100%       3d7       1%          2
c - Ensorcelled Hibernat  Hex/Ice        80%        N/A       1%          2
d - Iskenderun's Mystic   Conj/Tloc      62%        2d13      1%          4
e - Conjure Ball Lightni  Conj/Air       29%        3x3d8     30%         6

Your spell library contained the following spells:

 Spells                   Type           Power      Damage    Failure   Level
 Apportation              Tloc           88%        N/A       1%          1
 Corona                   Hex            45%        N/A       1%          1
 Summon Small Mammal      Summ           100%       N/A       1%          1
 Static Discharge         Conj/Air       58%        N/A       1%          2
 Dazzling Flash           Conj/Hex       100%       N/A       1%          3
 Lesser Beckoning         Tloc           22%        N/A       1%          3
 Portal Projectile        Hex/Tloc       86%        N/A       1%          3
 Tukima's Dance           Hex            41%        N/A       1%          3
 Fulminant Prism          Conj/Hex       31%        3d16      1%          4
 Corpse Rot               Necr/Air       N/A        N/A       2%          2
 Frozen Ramparts          Ice            76%        1d9       2%          3
 Summon Guardian Golem    Hex/Summ       36%        N/A       2%          3
 Swiftness                Air            31%        N/A       3%          3
 Call Canine Familiar     Summ           30%        N/A       4%          3
 Summon Ice Beast         Ice/Summ       34%        N/A       11%         4
 Ice Form                 Ice/Tmut       28%        N/A       14%         4
 Leda's Liquefaction      Hex/Erth       14%        N/A       14%         4
 Dispel Undead            Necr           17%        3d10      26%         4
 Silence                  Hex/Air        18%        N/A       26%         5
 Agony                    Necr           17%        N/A       58%         5
 Alistair's Intoxication  Tmut/Pois      11%        N/A       58%         5
 Blade Hands              Tmut           8%         N/A       58%         5
 Excruciating Wounds      Necr           8%         N/A       58%         5
 Lee's Rapid Deconstruct  Erth           8%         3d8*      58%         5
 Dispersal                Tloc           22%        N/A       67%         6
 Invisibility             Hex            20%        N/A       71%         6
 Death Channel            Necr           8%         N/A       99%         6
 Disjunction              Tloc           22%        N/A       100%        8
 Lehudib's Crystal Spear  Conj/Erth      27%        10d7      100%        8
 Necromutation            Tmut/Necr      8%         N/A       100%        8


Dungeon Overview and Level Annotations

Branches:
Dungeon (13/15)            Temple (1/1) D:7            Lair (0/6) D:10
    Orc (0/2) D:9           Sewer (visited)         Ossuary (visited)
 Vaults: D:13-14

Shops:
D:4 [([   D:5 (

Annotations:
D:5 1 runed translucent door, dracfodder's ghost, amateur TrBe
D:11 Josephine; Nergalle


Innate Abilities, Weirdness & Mutations

Your attributes grow dramatically as you level up.
You have an increased reservoir of magic. (+10% MP)
You shall have no god before yourself.


Message History

Unknown command.
You hack one of the five-headed hydra's heads off!
The flame cauterises the wound!
You hit the four-headed hydra. You burn the four-headed hydra.
The four-headed hydra is heavily wounded.
You block the four-headed hydra's attack.
The four-headed hydra bites you!
The four-headed hydra barely misses you.
The four-headed hydra bites you!
* * * LOW HITPOINT WARNING * * *
The four-headed hydra bites you.
* * * LOW HITPOINT WARNING * * *
The four-headed hydra bites you.
* * * LOW HITPOINT WARNING * * *
You block the four-headed hydra's attack.
The four-headed hydra bites you.
* * * LOW HITPOINT WARNING * * *
Okay, then.
Okay, then.
You feel yourself speed up. The four-headed hydra misses you.
You block the four-headed hydra's attack.
The four-headed hydra bites you.
* * * LOW HITPOINT WARNING * * *
You block the four-headed hydra's attack.
Unknown command.
The centaur warrior shoots an arrow.
The arrow hits you!
* * * LOW HITPOINT WARNING * * *
The arrow burns you.
* * * LOW HITPOINT WARNING * * *
The centaur warrior shoots an arrow.
You reflect the arrow off an invisible shield around you!
The arrow hits the centaur warrior!
The arrow burns the centaur warrior.
Unknown command.
The centaur warrior shoots an arrow.
You reflect the arrow off an invisible shield around you!
The arrow barely misses the centaur warrior.
The centaur warrior shoots an arrow.
The arrow hits you!
* * * LOW HITPOINT WARNING * * *
The arrow burns you.
You die...

#.........#####.##
...###..c##.#
#..###......#
#......D.##.#
#.####..###.####
#.........#
##.###.##.#
#.#####.###.#
#......@....#
#######....###
#.......# #.......#
#.......# ###...###
#...# #############
##.##
#..<........######.#


You could see a four-headed hydra and a centaur warrior.

Vanquished Creatures
  3 boulder beetles
  2 hydras
  2 centaur warriors (D:9)
  Erica (D:10)
  5 two-headed ogres
  Pikel (D:8)
  4 ugly things
  2 manticores (D:9)
  Maurice (D:8)
  Maggie (D:6)
  5 trolls
  3 hornets
  Grinder (D:6)
  4 slime creatures (D:13)
  Sigmund (D:5)
  4 wraiths
  A wyvern (D:10)
  36 yaks
  10 vampire mosquitoes
  A warg (D:9)
  4 water moccasins
  An acid dragon (D:12)
  A sky beast (D:6)
  An ice beast (D:6)
  A necrophage (D:5)
  3 orc warriors
  4 ogres
  4 wolves (D:10)
  6 centaurs
  2 phantoms (D:4)
  3 lemures (D:8)
  6 kobold brigands
  Blork the orc (D:6)
  4 bullfrogs
  4 gnoll sergeants
  4 scorpions
  A water moccasin skeleton (D:6)
  21 killer bees
  The ghost of siradein the Slasher, a weakling DsGl (D:3)
  A wight (D:9)
  3 electric eels (D:10)
  A howler monkey (D:6)
  A crimson imp (D:3)
  3 hounds
  4 centaur zombies
  9 orc priests
  4 bullfrog skeletons
  2 gnoll shamans
  2 jellies
  4 iguanas
  11 orc wizards
  2 killer bee zombies (D:9)
  8 mummies (Ossuary)
  A howler monkey zombie (D:7)
  35 gnolls
  A howler monkey skeleton (D:6)
  3 river rats (Sewer)
  10 adders
  A shadow imp (D:3)
  2 white imps
  An ufetubus (D:5)
  An adder skeleton (D:4)
  3 dart slugs
  39 orcs
  11 endoplasms
  3 giant cockroaches
  2 gnoll zombies (Ossuary)
  6 goblins
  2 hobgoblins
  6 jackals (D:1)
  A quokka (D:1)
  8 ball pythons
  4 bats
  2 frilled lizards
  2 hobgoblin zombies (Ossuary)
  32 kobolds
  3 kobold zombies (Ossuary)
  An orc zombie (Ossuary)
  28 rats
423 creatures vanquished.

Vanquished Creatures (collateral kills)
  Erolcha (D:10)
1 creature vanquished.

Vanquished Creatures (others)
  A hound (D:10)
  A ball python (D:1)
  A rat (D:1)
  3 ball lightnings (D:13)
6 creatures vanquished.

Grand Total: 430 creatures vanquished

Notes
Turn   | Place    | Note
-------+----------+-------------------------------------------
     0 | D:1      | bjtr the Demigod Conjurer began the quest for the Orb.
     0 | D:1      | Reached XP level 1. HP: 14/14 MP: 5/5
   407 | D:1      | Reached XP level 2. HP: 15/20 MP: 0/7
   494 | D:1      | Learned a level 2 spell: Searing Ray
  1324 | D:2      | Reached skill level 1 in Armour
  1474 | D:2      | Reached skill level 4 in Conjurations
  1971 | D:2      | Reached XP level 3. HP: 27/27 MP: 6/8
  2545 | D:3      | Reached XP level 4. HP: 34/34 MP: 5/9
  2548 | D:3      | Learned a level 2 spell: Ensorcelled Hibernation
  2656 | D:3      | Reached skill level 1 in Fighting
  3053 | D:3      | Noticed a bullfrog
  3056 | D:3      | Killed a bullfrog
  3057 | D:3      | Reached XP level 5. HP: 40/40 MP: 6/11
  3554 | D:3      | Found a transporter.
  3555 | D:3      | Noticed an ogre
  3556 | D:3      | Found a transporter.
  3556 | D:3      | Noticed siradein's ghost (weakling DsGl)
  3556 | D:3      | Noticed an ogre
  3557 | D:3      | Noticed an ogre
  3605 | D:4      | Found Jim Suah's Weapon Boutique.
  3628 | D:4      | Noticed an ogre
  3639 | D:4      | Killed an ogre
  3640 | D:4      | Reached XP level 6. HP: 44/48 MP: 4/13
  3798 | D:4      | Found a glowing drain.
  3807 | Sewer    | Entered a sewer
  4393 | Sewer    | Reached XP level 7. HP: 56/56 MP: 9/15
  4889 | D:4      | Found Wepuemmy's Armour Emporium.
  4898 | D:4      | Bought a +0 pair of boots for 54 gold pieces
  4898 | D:4      | Bought a +0 buckler for 54 gold pieces
  5076 | D:4      | Found Votym Yff's Armour Emporium.
  5120 | D:4      | Reached skill level 5 in Conjurations
  5395 | D:4      | Reached skill level 1 in Shields
  5664 | D:4      | Upgraded the game from 0.28-a0-178-ga708605c5b to
                  | 0.28-a0-194-g42b4daccc1
  5676 | D:5      | Entered Level 5 of the Dungeon
  5699 | D:5      | Found Ybuiw's Antique Weapon Shoppe.
  5768 | D:5      | Reached XP level 8. HP: 64/66 MP: 9/17
  5789 | D:5      | Got Locs's Tome of Dusty Air
  6311 | D:5      | Noticed Sigmund
  6316 | D:5      | Killed Sigmund
  6318 | D:5      | Found a runed translucent door.
  6470 | D:5      | Noticed dracfodder's ghost (amateur TrBe)
  6806 | D:6      | Noticed Blork the orc
  6809 | D:6      | Found a sand-covered staircase.
  6846 | Ossuary  | Entered an ossuary
  6937 | Ossuary  | Learned a level 4 spell: Iskenderun's Mystic Blast
  7382 | D:4      | Bought a +0 pair of gloves for 54 gold pieces
  7382 | D:4      | Bought a +2 cloak for 198 gold pieces
  7532 | D:6      | Killed Blork the orc
  7654 | D:6      | Reached skill level 6 in Conjurations
  7654 | D:6      | Reached XP level 9. HP: 73/73 MP: 13/20
  7705 | D:6      | Noticed Maggie
  7723 | D:6      | Killed Maggie
  7724 | D:6      | Reached skill level 5 in Fighting
  7724 | D:6      | Reached skill level 5 in Spellcasting
  7930 | D:6      | Noticed Grinder
  7939 | D:6      | Killed Grinder
  8923 | D:7      | Found a staircase to the Ecumenical Temple.
  9387 | D:7      | Reached skill level 7 in Conjurations
 10423 | Temple   | Entered the Ecumenical Temple
 10581 | D:8      | Noticed Maurice
 10595 | D:7      | Reached XP level 10. HP: 49/81 MP: 1/23
 10935 | D:8      | Killed Maurice
 10945 | D:8      | Found the +4 robe of Folly {Brilliance Will-∞ Int+8}
 11106 | D:8      | Reached skill level 5 in Armour
 11106 | D:8      | Reached skill level 5 in Dodging
 11106 | D:8      | Reached skill level 8 in Conjurations
 11106 | D:8      | Reached skill level 1 in Hexes
 11106 | D:8      | Reached skill level 1 in Ice Magic
 11106 | D:8      | Reached skill level 1 in Air Magic
 11106 | D:8      | Reached XP level 11. HP: 90/90 MP: 24/26
 11306 | D:8      | Noticed Pikel
 11414 | D:8      | Killed Pikel
 12120 | D:9      | Reached skill level 9 in Conjurations
 12573 | D:9      | Upgraded the game from 0.28-a0-194-g42b4daccc1 to
                  | 0.28-a0-199-g298df9dbad
 12661 | D:9      | Noticed a two-headed ogre
 12685 | D:9      | Killed a two-headed ogre
 12788 | D:9      | Found a staircase to the Orcish Mines.
 12839 | D:9      | Got the Incunabulum of Aerial Transformation
 12945 | D:9      | Paralysed by a hornet for 3 turns
 13208 | D:9      | Paralysed by a hornet for 2 turns
 13362 | D:9      | Noticed a two-headed ogre
 13376 | D:9      | Killed a two-headed ogre
 13781 | D:9      | Noticed a five-headed hydra
 13781 | D:9      | Noticed a boulder beetle
 13781 | D:9      | Noticed a centaur warrior
 13781 | D:9      | Noticed a centaur warrior
 14168 | D:9      | Killed a centaur warrior
 14169 | D:9      | Reached XP level 12. HP: 91/100 MP: 19/29
 14276 | D:9      | Killed a boulder beetle
 14495 | D:9      | Killed a five-headed hydra
 14584 | D:9      | Killed a centaur warrior
 14588 | D:9      | Reached skill level 10 in Conjurations
 14622 | D:9      | Got the Disquisition on Translocation
 14622 | D:9      | Got the Guide on Arcane Weapons
 14730 | D:10     | Entered Level 10 of the Dungeon
 14886 | D:10     | Reached skill level 1 in Evocations
 14923 | D:10     | Found a staircase to the Lair.
 15202 | D:10     | Noticed Erica
 15208 | D:10     | Noticed Erolcha
 15217 | D:10     | Killed Erica
 15521 | D:10     | Killed Erolcha
 15959 | D:3      | Killed siradein's ghost
 16349 | D:11     | Noticed Josephine
 17004 | D:11     | Noticed Nergalle
 17092 | D:12     | Noticed a boulder beetle
 17367 | D:12     | Reached skill level 1 in Summonings
 17367 | D:12     | Reached XP level 13. HP: 97/97 MP: 31/31
 18033 | D:12     | Reached XP level 14. HP: 101/118 MP: 32/32
 18243 | D:13     | Learned a level 6 spell: Conjure Ball Lightning
 18282 | D:13     | HP: 1/118 [centaur warrior/arrow (13)]
 18282 | D:13     | Shot with an arrow by a centaur warrior

Illustrated notes

Levels and vault maps discovered:
D:1:      moated_graveyard_arrival, layout_loops_corners, lemuel_flame_loot_1
D:2:      layout_basic, ebering_ecumenical_altar_abandoned
D:3:      layout_basic, grunt_temple_overflow_lords_of_destruction,
          gammafunk_ghost_smash
D:4:      layout_basic, serial_shops, nicolae_stop_n_shop_1, shop,
          nicolae_shop_crystal, portal_sewer_entry_a, st_stairs_2
D:5:      layout_loops_cross, ebering_ghost_inner_flame, serial_shops,
          nicolae_shop_statue_plus, uniq_sigmund
D:6:      layout_basic, enter_ossuary_2, hangedman_abyss_or_decor_slice,
          uniq_maggie, uniq_grinder, uniq_blork_the_orc
D:7:      layout_basic, kiku_gazebo_garden_becter, minmay_temple_entry_mist
D:8:      layout_rooms, uniq_pikel, uniq_maurice
D:9:      minmay_the_grid_triangle_9x9_rhombus_full
          [minmay_the_grid_triangle_9x9_windchime,
          minmay_the_grid_triangle_9x9_semitri,
          minmay_the_grid_triangle_9x9_skeleton,
          minmay_the_grid_triangle_9x9_odd_lines,
          minmay_the_grid_triangle_9x9_intruding_spiral,
          minmay_the_grid_triangle_9x9_corruption,
          minmay_the_grid_triangle_9x9_sprig,
          minmay_the_grid_triangle_9x9_prize_top_heavy], layout_irregular_city,
          grunt_temple_overflow_open, david_orc_3, hex_tiny
D:10:     layout_cave_pools, kennysheep_mini_moat, overflow_temple_1_default,
          erik_lair_island, uniq_erica, uniq_erolcha
D:11:     layout_gridville, uniq_nergalle, uniq_josephine
D:12:     layout_irregular_city
D:13:     layout_loops_ring, chequers_serial_rivers_micro_a
Temple:   regret_index_temple_waves

Skill      XL: |  1  2  3  4  5  6  7  8  9 10 11 12 13 |
---------------+----------------------------------------+-----
Armour         | 1 2 3 4 5 6 7 |  7.4
Conjurations   | 4 5 6 7 8 9 10 | 10.6
Spellcasting   | 2 3 4 6 7 8 9 |  9.9
Dodging        | 2 3 4 5 7 |  7.8
Fighting       | 1 2 3 4 5 6 7 8 9 |  9.2
Stealth        | 2 3 4 |  4.2
Shields        | 1 2 3 4 |  4.5
Hexes          | 1 2 3 |  3.3
Translocations | 2 3 |  3.6
Fire Magic     | 2 |  2.0
Ice Magic      | 1 2 |  2.8
Air Magic      | 1 |  1.9
Evocations     | 1 |  1.2
Summonings     | 1 |  1.7

Action                   |  1- 3 |  4- 6 |  7- 9 | 10-12 | 13-15 || total
-------------------------+-------+-------+-------+-------+-------++-------
Melee: Trident           |    18 |       |       |       |       ||    18
       Glaive            |     6 |    33 |       |       |       ||    39
       War axe           |       |    37 |    22 |       |       ||    59
       Flail             |       |       |    51 |    95 |       ||   146
       Scimitar          |       |       |       |    73 |    78 ||   151
 Fire: Hand crossbow     |       |       |    16 |    22 |     5 ||    43
Throw: Boomerang         |       |       |     1 |       |       ||     1
       Dart              |       |       |     2 |     5 |     2 ||     9
 Cast: Magic Dart        |    45 |    21 |    28 |     4 |       ||    98
       Searing Ray       |     3 |    19 |    67 |    71 |     9 ||   169
       Iskenderun's Myst |       |       |     6 |    45 |     8 ||    59
       Ensorcelled Hiber |       |       |       |    10 |       ||    10
       Conjure Ball Ligh |       |       |       |       |     1 ||     1
Evoke: Wand              |       |       |     2 |     5 |       ||     7
  Use: Potion            |     3 |       |     1 |     9 |     6 ||    19
       Scroll            |     4 |     4 |     8 |    18 |     1 ||    35
 Stab: Sleeping          |     1 |     2 |     2 |     6 |       ||    11
       Distracted        |       |       |     1 |       |       ||     1
       Invisible         |       |       |       |       |     6 ||     6
Armor: Leather armour    |    10 |       |       |       |       ||    10
       Robe              |     1 |    32 |    40 |    14 |       ||    87
       Troll leather arm |       |       |       |    87 |    20 ||   107
Dodge: Dodged            |    30 |    69 |    88 |   220 |    53 ||   460
Block: Buckler           |       |       |    41 |   199 |    55 ||   295
       Reflection        |       |       |     5 |    12 |     2 ||    19
       Rpst.: Scimitar   |       |       |       |    18 |    11 ||    29

Table legend: (Time is in decaauts)
 A = Elapsed time spent in this place.
 B = Non-inter-level travel time spent in this place.
 C = Inter-level travel time spent in this place.
 D = Time resting spent in this place.
 E = Time spent auto-exploring this place.
 F = Levels seen in this place.
 G = Mean time per level.
                   A        B        C        D        E       F      G
               +--------+--------+--------+--------+--------+-----+--------+
         Total |  18524 |  16926 |   1598 |   4144 |   9070 |  16 | 1157.8 |
       Dungeon |  16954 |  15416 |   1538 |   3688 |   8465 |  13 | 1304.2 |
        Temple |    170 |    110 |     60 |      0 |     74 |   1 |  170.0 |
         Sewer |    923 |    923 |      0 |    222 |    452 |   1 |  923.0 |
       Ossuary |    476 |    476 |      0 |    233 |     79 |   1 |  476.0 |
               +--------+--------+--------+--------+--------+-----+--------+

Top non-repeatable levels by time:
     D:9: 2818 daAuts
     D:1: 1680 daAuts
     D:3: 1524 daAuts
     D:7: 1488 daAuts
     D:4: 1419 daAuts
     D:6: 1291 daAuts
     D:8: 1270 daAuts
     D:5: 1247 daAuts
     D:2: 1067 daAuts
    D:12: 999 daAuts
    D:11: 983 daAuts
    D:10: 973 daAuts
   Sewer: 923 daAuts
 Ossuary: 476 daAuts
    D:13: 189 daAuts
